 Dungeon Crawl Stone Soup version 0.19.0-2-gae57169 (webtiles) character file.

8087 Juniper the Fighter (level 11, 0/90 HPs)
             Began as a Human Berserker on Nov 3, 2016.
             Was a High Priest of Trog.
             Succumbed to a spiny frog's poison
             ... on level 1 of the Lair of Beasts on Nov 4, 2016.
             The game lasted 01:07:16 (13686 turns).

Juniper the Fighter (Human Berserker)              Turns: 13686, Time: 01:07:17

Health: 0/90       AC: 15    Str: 20    XL:     11   Next: 49%
Magic:  11/11      EV:  8    Int: 10    God:    Trog [*****.]
Gold:   526        SH:  0    Dex: 13    Spells: 0 memorised, 10 levels left

rFire  + . .     SeeInvis .     R - +2 short sword (holy)
rCold  + . .     Gourm    .     W - +0 plate armour
rNeg   . . .     Faith    +     (no shield)
rPois  +         Spirit   .     (no helmet)
rElec  +         Reflect  .     u - +0 cloak
rCorr  +         Harm     .     (no gloves)
MR     .....                    (no boots)
Stlth  ..........               e - amulet of faith
                                (no ring)
                                o - +2 ring of intelligence

@: lethally poisoned (0 -> -13), exhausted, resistant, flying, slowed, very slow
A: mutation resistance 1
a: Berserk, Trog's Hand, Brothers in Arms, Burn Spellbooks, Renounce Religion


You were on level 1 of the Lair of Beasts.
You worshipped Trog.
Trog was extremely pleased with you.
You were very hungry.

You visited 4 branches of the dungeon, and saw 12 of its levels.
You also visited: Sewer.

You collected 526 gold pieces.

Inventory:

Hand Weapons
 a - a +0 falchion
 n - a +0 whip of venom
 q - a +2 dagger of speed
 K - a +2 antimagic dire flail
 Q - a +1 hand axe of draining
 R - a +2 short sword of holy wrath (weapon)
 X - a +2 antimagic great sword
Missiles
 f - 4 javelins of penetration (quivered)
Armour
 b - a +0 cloak
 k - a +0 plate armour
 u - a +0 cloak (worn)
 F - a +2 leather armour of cold resistance
 W - a +0 plate armour (worn)
Magical Staves
 Y - an uncursed staff of summoning {unknown}
Jewellery
 e - an amulet of faith (around neck)
 o - a +2 ring of intelligence (left hand)
 G - an uncursed ring of wizardry
Wands
 i - a wand of iceblast (10/15)
 j - a wand of enslavement (1/24)
 H - a wand of polymorph (8/24)
 U - a wand of flame (22/48)
Scrolls
 h - a scroll of random uselessness
 l - a scroll of enchant weapon {unknown}
 p - 2 scrolls of magic mapping {unknown}
 r - a scroll of amnesia {unknown}
 s - 7 scrolls of identify {unknown}
 y - 4 scrolls of remove curse
 L - a scroll of immolation {unknown}
 O - a scroll of summoning {unknown}
 P - a scroll of blinking {unknown}
 S - 2 scrolls of enchant armour {unknown}
 V - a scroll of recharging
Potions
 d - a potion of cancellation
 m - a potion of might {unknown}
 v - 2 potions of brilliance {unknown}
 x - a potion of lignification {unknown}
 z - a potion of ambrosia {unknown}
 B - 2 potions of agility
 C - a potion of invisibility {unknown}
 D - a potion of beneficial mutation {unknown}
 E - a potion of resistance
 M - a potion of flight
 T - a potion of magic {unknown}
Comestibles
 c - 6 bread rations
 g - 3 meat rations
 t - a slice of pizza
 A - 27 fruits
 J - a royal jelly


   Skills:
 * Level 9.6 Fighting
 + Level 7.0(7.6) Short Blades
 + Level 4.1(6.1) Long Blades
 + Level 8.4 Maces & Flails
 + Level 0.6 Throwing
 + Level 8.6 Armour
 + Level 3.6 Dodging
 + Level 0.7 Stealth


You had 10 spell levels left.
You didn't know any spells.

Dungeon Overview and Level Annotations

Branches:
Dungeon (9/15)             Temple (1/1) D:5            Lair (1/6) D:9
    Orc (1/2) D:9

Altars:
Ashenzari
Cheibriados
Elyvilon
Fedhas
Gozag
Hepliaklqana
Kikubaaqudgha
Makhleb
Nemelex Xobeh
Okawaru
Qazlal
Ru
Sif Muna
Trog
Uskayaw
Vehumet
Xom
Yredelemnul
Zin
The Shining One


Innate Abilities, Weirdness & Mutations

You are somewhat resistant to further mutation.


Message History

You are no longer berserk.
You are exhausted.
You feel yourself slow down.
* * * LOW HITPOINT WARNING * * *
You feel sick.
It was a potion of flight.
You feel very buoyant.
You fly up into the air.
* * * LOW HITPOINT WARNING * * *
You feel very sick.
You feel protected.
* * * LOW HITPOINT WARNING * * *
You feel very sick.
It was a potion of mutation.
You feel extremely strange.
You feel genetically stable.
* * * LOW HITPOINT WARNING * * *
You feel very sick.
You start eating the royal jelly.
Keep eating?
You die...

..........### .....#
...P##......#####.....
.####...♣...♣.##....#
## #.♣.........♣.#.#
###.♣....P........#
.##...P........≈≈.##
.#P.........P.≈≈≈..#
.#...........≈≈≈...#
..P...%.P...≈≈≈P@..♣
.P....P%..%.≈≈.†...♣
......P...≈..........#
.....P.P%≈?≈..%......#
...P%.!...≈...(........
.♣.%...≈
.......PP......
.P..%.≈≈
P.........♣...#
.#...≈≈≈
(........♣#.#.#
.♣♣.≈≈≈.


There were no monsters in sight!

Vanquished Creatures
  2 black mambas
  A spiny frog (Lair:1)
  2 trolls (D:9)
  Grinder (D:6)
  3 hippogriffs
  A spriggan (D:9)
  7 yaks
  A hungry ghost (D:9)
  A soldier ant (D:9)
  2 water moccasins (Lair:1)
  3 orc warriors
  Duvessa (D:4)
  2 sky beasts
  4 ice beasts
  A necrophage (D:8)
  A black bear (D:8)
  A phantom (D:7)
  6 ogres
  3 centaurs
  A crocodile (Lair:1)
  2 big kobolds
  A gnoll sergeant (D:7)
  5 bullfrogs
  Blork the orc (D:6)
  Dowan (D:4)
  3 scorpions
  5 killer bees (D:9)
  4 howler monkeys
  3 crimson imps
  A centaur zombie (D:8)
  4 hounds
  4 orc priests
  Crazy Yiuf (D:4)
  A jelly (D:9)
  6 iguanas
  5 orc wizards
  Terence (D:3)
  4 worker ants
  A hound zombie (D:8)
  2 hound skeletons
  8 gnolls
  9 adders
  2 river rats
  3 shadow imps
  2 adder zombies
  An adder skeleton (D:4)
  4 worms
  4 dart slugs
  6 leopard geckos
  32 orcs
  6 ball pythons
  5 giant cockroaches
  9 goblins
  5 hobgoblins
  8 jackals
  3 quokkas
  8 bats
  2 frilled lizards
  16 kobolds
  A leopard gecko skeleton (D:4)
  A quokka skeleton (D:5)
  14 rats
  A spectral orc (D:6)
  2 fungi
251 creatures vanquished.

Vanquished Creatures (others)
  16 fungi (D:9)
  8 plants (D:9)
24 creatures vanquished.

Grand Total: 275 creatures vanquished

Notes
Turn   | Place    | Note
-------+----------+-------------------------------------------
     0 | D:1      | Juniper the Human Berserker began the quest for the Orb.
     0 | D:1      | Reached XP level 1. HP: 18/18 MP: 1/1
   157 | D:1      | Reached XP level 2. HP: 24/24 MP: 2/2
   479 | D:1      | You fall through a shaft!
   489 | D:2      | Found an opulent altar of Gozag.
   554 | D:2      | Reached XP level 3. HP: 3/29 MP: 3/3
   859 | D:2      | Found a sparkling altar of Nemelex Xobeh.
   911 | D:2      | Found a hazy altar of Hepliaklqana.
   968 | D:2      | Noticed a dagger
   969 | D:2      | Noticed a hand axe
   971 | D:2      | Found a hide-covered altar of Uskayaw.
  1013 | D:2      | Found a shimmering altar of Xom.
  1041 | D:2      | Found a burning altar of Makhleb.
  1059 | D:2      | Reached ** piety under Trog
  1059 | D:2      | Reached XP level 4. HP: 27/35 MP: 4/4
  1992 | D:3      | Reached XP level 5. HP: 39/42 MP: 5/5
  2184 | D:3      | Noticed Terence
  2190 | D:3      | Killed Terence
  2461 | D:3      | Reached skill level 1 in Short Blades
  2497 | D:3      | Reached *** piety under Trog
  2497 | D:3      | Reached skill level 4 in Fighting
  3091 | D:2      | Reached XP level 6. HP: 45/48 MP: 6/6
  3186 | D:4      | Noticed Duvessa
  3188 | D:4      | Noticed Dowan
  3925 | D:4      | Found a runed door.
  4019 | D:4      | Noticed Crazy Yiuf
  4027 | D:4      | Killed Crazy Yiuf
  4188 | D:4      | Killed Duvessa
  4188 | D:4      | Reached XP level 7. HP: 38/55 MP: 7/7
  4197 | D:4      | Killed Dowan
  4197 | D:4      | Reached skill level 5 in Fighting
  4754 | D:5      | Entered Level 5 of the Dungeon
  4780 | D:5      | Reached **** piety under Trog
  4851 | D:5      | Found a staircase to the Ecumenical Temple.
  4857 | Temple   | Entered the Ecumenical Temple
  5166 | D:5      | Reached XP level 8. HP: 61/63 MP: 8/8
  5663 | D:5      | Reached skill level 1 in Maces & Flails
  6243 | D:5      | Reached skill level 6 in Fighting
  6452 | D:6      | Noticed Blork the orc
  6461 | D:6      | Killed Blork the orc
  6528 | D:6      | Found a glowing drain.
  6534 | D:6      | Noticed Grinder
  6535 | D:6      | Reached ***** piety under Trog
  6545 | D:6      | Reached XP level 9. HP: 44/70 MP: 9/9
  6628 | Sewer    | Entered a sewer
  6925 | Sewer    | Reached skill level 5 in Armour
  6972 | Sewer    | Received a gift from Trog
  7007 | Sewer    | Found a white marble altar of Elyvilon.
  7287 | D:6      | Paralysed by Grinder for 4 turns
  7294 | D:6      | Paralysed by Grinder for 6 turns
  7311 | D:6      | Killed Grinder
  7346 | D:6      | Found a basalt altar of Yredelemnul.
  7943 | D:7      | Found a blossoming altar of Fedhas.
  7964 | D:7      | Reached skill level 7 in Fighting
  8023 | D:7      | Noticed a hippogriff
  8031 | D:7      | Killed a hippogriff
  8031 | D:7      | Reached skill level 5 in Maces & Flails
  8047 | D:7      | HP: 3/72 [orc warrior/short sword (7)]
  8303 | D:7      | Found a deep blue altar of Sif Muna.
  8661 | D:8      | Reached XP level 10. HP: 51/79 MP: 3/10
  9413 | D:9      | Reached skill level 8 in Fighting
 10122 | D:9      | Found a staircase to the Orcish Mines.
 10161 | D:9      | Received a gift from Trog
 10784 | D:9      | Reached skill level 5 in Short Blades
 10806 | Orc:1    | Entered Level 1 of the Orcish Mines
 11053 | D:9      | Reached XP level 11. HP: 39/87 MP: 11/11
 11282 | D:9      | Found a staircase to the Lair.
 11387 | D:9      | Reached skill level 9 in Fighting
 12268 | Lair:1   | Entered Level 1 of the Lair of Beasts
 13684 | Lair:1   | HP: 4/90 [poisoned by a spiny frog]
 13685 | Lair:1   | Gained mutation: You are somewhat resistant to further mutation. [potion of mutation]
 13685 | Lair:1   | HP: 1/90 [poisoned by a spiny frog]
 13686 | Lair:1   | Succumbed to a spiny frog's poison

Skill      XL: |  1  2  3  4  5  6  7  8  9 10 11 |
---------------+----------------------------------+-----
Long Blades    | 4 |  4.1
Short Blades   | 1 2 3 4 5 7 |  7.0
Fighting       | 4 5 6 7 8 9 |  9.6
Dodging        | 3 |  3.6
Armour         | 3 4 6 7 8 |  8.6
Maces & Flails | 3 6 8 |  8.4
Throwing       | |  0.6
Stealth        | |  0.7

Action                   |  1- 3 |  4- 6 |  7- 9 | 10-12 || total
-------------------------+-------+-------+-------+-------++-------
Melee: Falchion          |    37 |       |       |       ||    37
       Whip              |    12 |    18 |   238 |       ||   268
       Dagger            |       |   267 |   122 |       ||   389
       Dire flail        |       |       |   130 |   196 ||   326
       Short sword       |       |       |       |   307 ||   307
Throw: Javelin           |       |       |     1 |    13 ||    14
Invok: Berserk           |     1 |     4 |     6 |    12 ||    23
       Burn Spellbooks   |       |       |     1 |       ||     1
       Trog's Hand       |       |       |       |     1 ||     1
  Use: Scroll            |       |     4 |     1 |     2 ||     7
       Potion            |       |       |     2 |    11 ||    13
 Stab: Sleeping          |     2 |       |       |       ||     2
  Eat: Chunk             |       |    13 |    10 |    15 ||    38
       Meat ration       |       |     1 |       |     1 ||     2
       Pizza             |       |       |     1 |     2 ||     3
       Royal jelly       |       |       |     1 |     2 ||     3
       Bread ration      |       |       |     1 |     1 ||     2
       Beef jerky        |       |       |       |     1 ||     1
Armor: Animal skin       |     8 |       |       |       ||     8
       Leather armour    |     4 |    34 |       |       ||    38
       Plate armour      |       |     4 |   259 |   257 ||   520
Dodge: Dodged            |    37 |   119 |   149 |   197 ||   502
       Rpst.: Falchion   |     7 |       |       |       ||     7
